 Dungeon Crawl Stone Soup version 0.30-a0-377-g5cb311bc9f (webtiles) character file.

Game seed: 16201845576104849260

9 PyroL the Grave Robber (level 2, 19/19 HPs)
             Began as a Demonspawn Necromancer on Nov 29, 2022.
             Quit the game on level 1 of the Dungeon.
             The game lasted 00:00:49 (495 turns).

PyroL the Grave Robber (Demonspawn Necromancer)      Turns: 495, Time: 00:00:49

Health: 19/19      AC:  3    Str:  8    XL:     2   Next: 3%
Magic:  5/5        EV: 12    Int: 16    God:
Gold:   55         SH:  0    Dex: 13    Spells: 4/5 levels left

rFire   . . .      SeeInvis .    c - +0 hand axe
rCold   . . .      Faith    .    (no shield)
rNeg    . . .      Spirit   .    a - +0 robe
rPois   .          Reflect  .    (no helmet)
rElec   .          Harm     .    (no cloak)
rCorr   .          Rampage  .    (no gloves)
Will    .....                    f - +0 pair of boots
Stlth   ++........               (no amulet)
HPRegen 0.23/turn                (no ring)
MPRegen 0.09/turn                (no ring)

@: no status effects
A: hooves 1
a: no special abilities


You were on level 1 of the Dungeon.
You visited 1 branch of the dungeon, and saw 1 of its levels.

You collected 55 gold pieces.

Inventory:

Hand Weapons
 c - a +0 hand axe (weapon)
Armour
 a - a +0 robe (worn)
 f - a +0 pair of boots (worn)
Scrolls
 g - a scroll of identify {unknown}
 h - a scroll of magic mapping {unknown}
 i - 3 scrolls of butterflies {unknown}
Potions
 b - a potion of magic
 d - a potion of invisibility {unknown}
 e - 3 potions of might {unknown}
 j - a potion of curing {unknown}


   Skills:
 - Level 1.7 Dodging
 - Level 1.7 Stealth
 + Level 2.3 Spellcasting
 + Level 4.6 Necromancy


You had 4 spell levels left.
You knew the following spells:

 Your Spells              Type           Power      Damage    Failure   Level
a - Necrotise             Necr           64%        1d7       3%          1

Your spell library contained the following spells:

 Spells                   Type           Power      Damage    Failure   Level
 Vampiric Draining        Necr           16%        2d7       9%          3
 Magic Dart               Conj           4%         1d3       21%         1
 Animate Dead             Necr           16%        N/A       28%         4
 Call Imp                 Summ           1%         N/A       30%         2
 Mephitic Cloud           Conj/Pois/Air  1%         N/A       52%         3
 Agony                    Necr           16%        N/A       63%         5


Dungeon Overview and Level Annotations

Branches:
Dungeon (1/15)

Altars:


Innate Abilities, Weirdness & Mutations

You have large cloven feet.


Message History

You enter the shallow water.
Moving in this stuff is going to be slow.
You now have 52 gold pieces (gained 1).
You now have 53 gold pieces (gained 1).
There is a faded altar of an unknown god here.
You enter the shallow water.
Moving in this stuff is going to be slow.
You now have 54 gold pieces (gained 1).
There is a faded altar of an unknown god here.
You enter the shallow water.
Moving in this stuff is going to be slow.
You now have 55 gold pieces (gained 1).
A giant cockroach comes into view.
A giant cockroach is nearby!
Found 3 scrolls labelled EDWO JEAKHLA and a spear.
A kobold comes into view. It is wielding a +0 club.
The kobold shouts!
The giant cockroach writhes in agony.
The giant cockroach writhes in agony!
You kill the giant cockroach!
You have reached level 2!
Your demonic ancestry asserts itself...
Your feet thicken and deform.
The kobold writhes in agony.
You kill the kobold!
The dead are walking!
You are out of magic!
Your kobold skeleton crumbles into dust!
Things that are here:
a +0 club; a stone
i - 3 scrolls labelled EDWO JEAKHLA You see here a +0 spear.
You open the door.
There is an open door here.
As you open the door, it creaks loudly!
There is an open door here.
There is a staircase leading out of the dungeon here.
There is an open door here.
j - a bubbling clear potion Are you sure you want to abandon this character and quit the game? (Confirm with "yes".)

#.........(.........###.....
#...................# ###'##
#..................## ##.##
#..................# ###...#
##................####......
##.....#.....#...##........
########.####.(#.....#.###
#.................#.[##
#.....@......#######..#
#...........#########..
#................>.....
#..........############
#..........# #..........#
############


There were no monsters in sight!

Vanquished Creatures
  A giant cockroach (D:1)
  A quokka (D:1)
  A ball python (D:1)
  A frilled lizard (D:1)
  2 kobolds (D:1)
  5 rats (D:1)
11 creatures vanquished.

Notes
Turn   | Place    | Note
-------+----------+-------------------------------------------
     0 | D:1      | PyroL the Demonspawn Necromancer began the quest for the
                  | Orb.
     0 | D:1      | Reached XP level 1. HP: 13/13 MP: 3/3
   335 | D:1      | Found a faded altar of an unknown god.
   364 | D:1      | Gained mutation: You have large cloven feet. [demonic
                  | ancestry]
   364 | D:1      | Reached XP level 2. HP: 19/19 MP: 1/5
   495 | D:1      | Quit the game

Illustrated notes

Levels and vault maps discovered:
D:1:      onia_arrival_pentagram, layout_rooms,
          hellmonk_ecumenical_altar_pennies_from_heaven, st_stairs_1,
          minmay_tetromino_l2

Action                   || total
-------------------------++-------
 Cast: Necrotise         ||    12

Table legend: (Time is in decaauts)
 A = Elapsed time spent in this place.
 B = Non-inter-level travel time spent in this place.
 C = Inter-level travel time spent in this place.
 D = Time resting spent in this place.
 E = Time spent auto-exploring this place.
 F = Levels seen in this place.
 G = Mean time per level.
                   A        B        C        D        E       F      G
               +--------+--------+--------+--------+--------+-----+--------+
         Total |    496 |    496 |      0 |      0 |    428 |   1 |  496.0 |
       Dungeon |    496 |    496 |      0 |      0 |    428 |   1 |  496.0 |
               +--------+--------+--------+--------+--------+-----+--------+

Top non-repeatable levels by time:
     D:1: 496 daAuts
